PCL
IOWA CUBS @ NEW ORLEANS ZEPHYRS
09/07/2106
 
TOP OF THE 1ST
Iowa Cubs batting - Pitching for New Orleans Zephyrs : RHP Maurice Johnson
Pitching: RHP Maurice Johnson
Batting: LHB Kevin Florkowski 0-0: Called Strike
0-1: Ball
1-1: Ground out 6-3 (Groundball, 6, EV 83.8 MPH)
Batting: RHB Mike Key 0-0: Ball
1-0: Called Strike
1-1: Ball
2-1: Called Strike
2-2: DOUBLE (Flyball, 8LXD, EV 105.0 MPH)
Batting: LHB Glenn Sewell 0-0: Called Strike
0-1: Called Strike
0-2: Foul Ball, location: 3F
0-2: Ball
1-2: Ground out U3 (Groundball, 34, EV 81.3 MPH)
Mike Key to third
Batting: RHB Jessie Mestrovich 0-0: Ball
1-0: Ball
2-0: Ball
3-0: Base on Balls
Batting: RHB Brad Foster 0-0: Ball
1-0: Ball
2-0: SINGLE (Line Drive, 9LM, EV 101.3 MPH)
Mike Key scores
Jessie Mestrovich to second
Runner from 2nd tries for 3rd, SAFE, throw by RF made to third
Brad Foster to second
Batting: RHB Roy Crandall 0-0: Ball
1-0: Fly out, F8 (Flyball, 89M, EV 82.5 MPH)
Top of the 1st over - 1 run, 2 hits, 0 errors, 2 left on base; Iowa 1 - New Orleans 0
BOTTOM OF THE 1ST
New Orleans Zephyrs batting - Pitching for Iowa Cubs : LHP Steve York
Pitching: LHP Steve York
Batting: LHB Ron Lenz 0-0: Ground out 6-3 (Groundball, 4M, EV 89.4 MPH)
Batting: RHB Matt Pettit 0-0: Ground out 5-3 (Groundball, 56, EV 83.1 MPH)
Batting: SHB Mike Rossi 0-0: Called Strike
0-1: Foul Ball, location: 2F
0-2: Ball
1-2: Ball
2-2: Foul Ball, location: 2F
2-2: Ground out 6-3 (Groundball, 6, EV 104.4 MPH)
Bottom of the 1st over - 0 runs, 0 hits, 0 errors, 0 left on base; Iowa 1 - New Orleans 0
TOP OF THE 2ND
Iowa Cubs batting - Pitching for New Orleans Zephyrs : RHP Maurice Johnson
Batting: SHB Sam Oden 0-0: Called Strike
0-1: Foul Ball, location: 7LDF
0-2: Foul Ball, location: 3FF
0-2: Fly out, F2 (Popup, 3SF, EV 89.4 MPH)
Batting: LHB Greg Schramm 0-0: Called Strike
0-1: Ball
1-1: Ball
2-1: Foul Ball, location: 2F
2-2: Fly out, F9 (Flyball, 9, EV 88.1 MPH)
Batting: RHB Ryan Leo 0-0: Called Strike
0-1: Called Strike
0-2: Ball
1-2: Strikes out swinging
Top of the 2nd over - 0 runs, 0 hits, 0 errors, 0 left on base; Iowa 1 - New Orleans 0
BOTTOM OF THE 2ND
New Orleans Zephyrs batting - Pitching for Iowa Cubs : LHP Steve York
Batting: LHB Tony Mier 0-0: Fly out, F8 (Line Drive, 8RS, EV 97.5 MPH)
Batting: RHB James Stanger 0-0: Ball
1-0: SINGLE (Flyball, 56D, EV 87.5 MPH)
Batting: RHB John Ballard 0-0: Ball
1-0: Called Strike
1-1: Swinging Strike
1-2: Strikes out swinging
Batting: RHB Izzy Franco 0-0: SINGLE (Groundball, 4MD, EV 110.0 MPH)
James Stanger to second
Runner from 2nd tries for 3rd, SAFE, throw by CF made to third
Izzy Franco to second
Batting: SHB Nick Stiles 0-0: Called Strike
0-1: Swinging Strike
0-2: Strikes out looking
Bottom of the 2nd over - 0 runs, 2 hits, 0 errors, 2 left on base; Iowa 1 - New Orleans 0
TOP OF THE 3RD
Iowa Cubs batting - Pitching for New Orleans Zephyrs : RHP Maurice Johnson
Batting: LHB Kevin Florkowski 0-0: Ball
1-0: Ball
2-0: Foul Ball, location: 2F
2-1: Foul Ball, location: 2F
2-2: Ball
3-2: Foul Ball, location: 9LSF
3-2: Base on Balls
Batting: RHB Mike Key 0-0: Ball
1-0: Ball
2-0: Foul Ball, location: 9LMF
2-1: Foul Ball, location: 9LDF
2-2: Foul Ball, location: 5F
2-2: Strikes out swinging
Batting: LHB Glenn Sewell 0-0: Called Strike
Kevin Florkowski steals 2nd base
0-1: Ball
1-1: Ball
2-1: Foul Ball, location: 2F
2-2: Strikes out swinging
Batting: RHB Jessie Mestrovich 0-0: Called Strike
0-1: Fly out, F9 (Flyball, 89S, EV 76.3 MPH)
Top of the 3rd over - 0 runs, 0 hits, 0 errors, 1 left on base; Iowa 1 - New Orleans 0
BOTTOM OF THE 3RD
New Orleans Zephyrs batting - Pitching for Iowa Cubs : LHP Steve York
Batting: LHB Kenny Helm 0-0: Ball
1-0: DOUBLE (Line Drive, 9LS, EV 99.4 MPH)
Batting: LHB Ron Lenz 0-0: Foul Ball, location: 5F
0-1: Called Strike
0-2: Foul Ball, location: 5FF
0-2: Fly out, F9 (Flyball, 9D, EV 109.4 MPH)
Batting: RHB Matt Pettit 0-0: Ball
1-0: Ground out 5-3 (Groundball, 56S, EV 88.1 MPH)
Batting: SHB Mike Rossi 0-0: Called Strike
0-1: Swinging Strike
0-2: Ball
1-2: Ball
2-2: Ball
3-2: Strikes out swinging
Bottom of the 3rd over - 0 runs, 1 hit, 0 errors, 1 left on base; Iowa 1 - New Orleans 0
TOP OF THE 4TH
Iowa Cubs batting - Pitching for New Orleans Zephyrs : RHP Maurice Johnson
Batting: RHB Brad Foster 0-0: Foul Ball, location: 5F
0-1: Called Strike
0-2: Foul Ball, location: 5FF
0-2: Strikes out swinging
Batting: RHB Roy Crandall 0-0: Called Strike
0-1: Ball
1-1: Swinging Strike
1-2: Ball
2-2: Ball
3-2: Base on Balls
Batting: SHB Sam Oden 0-0: Foul Ball, location: 5F
0-1: SINGLE (Line Drive, 6MD, EV 99.4 MPH)
Roy Crandall to second
Batting: LHB Greg Schramm 0-0: Foul Ball, location: 25F
0-1: Foul Ball, location: 7LMF
0-2: Ball
1-2: Ball
2-2: 3-RUN HOME RUN (Flyball, 8RXD, EV 110.6 MPH), Distance : 450 ft
Batting: RHB Ryan Leo 0-0: Called Strike
0-1: Ball
1-1: Swinging Strike
1-2: Ball
2-2: Strikes out swinging
Batting: LHB Kevin Florkowski 0-0: Called Strike
0-1: Ball
1-1: TRIPLE (Groundball, 3L, EV 96.9 MPH)
Batting: RHB Mike Key 0-0: Ball
1-0: Ball
2-0: Called Strike
2-1: Ball
3-1: Ground out 4-3 (Groundball, 4, EV 81.3 MPH)
Top of the 4th over - 3 runs, 3 hits, 0 errors, 1 left on base; Iowa 4 - New Orleans 0
BOTTOM OF THE 4TH
New Orleans Zephyrs batting - Pitching for Iowa Cubs : LHP Steve York
Batting: LHB Tony Mier 0-0: Ball
1-0: Swinging Strike
1-1: Called Strike
1-2: Foul Ball, location: 3SF
1-2: Foul Ball, location: 2F
1-2: Hit by Pitch
Batting: RHB James Stanger 0-0: Foul Ball, location: 9LMF
0-1: SINGLE (Groundball, 4MD, EV 107.5 MPH)
Tony Mier to second
Runner from 2nd tries for 3rd, SAFE, throw by CF made to third
Batting: RHB John Ballard 0-0: Foul Ball, location: 5F
0-1: SINGLE (Line Drive, 7S, EV 107.5 MPH)
Tony Mier scores
James Stanger to second
Batting: RHB Izzy Franco 0-0: Ball
1-0: Fly out, F9 (Flyball, 89M, EV 94.4 MPH)
Batting: SHB Nick Stiles 0-0: Ball
1-0: Fielders Choice at 2nd, 6-4 (Groundball, 56, EV 88.8 MPH)
James Stanger to third
Batting: LHB Kenny Helm 0-0: Called Strike
0-1: SINGLE (Line Drive, 7S, EV 107.5 MPH)
James Stanger scores
Nick Stiles to second
Runner from 2nd tries for 3rd, SAFE, throw by LF made to third
Batting: LHB Ron Lenz 0-0: Ball
1-0: Swinging Strike
1-1: Ball
2-1: Hit by Pitch
Kenny Helm to second
Batting: RHB Matt Pettit 0-0: SINGLE (Groundball, 6MD, EV 97.5 MPH)
Nick Stiles scores
Kenny Helm to third
Ron Lenz to second
Runner from 3rd tries for Home, SAFE, throw by CF to home
Ron Lenz to third
Matt Pettit to second
Batting: SHB Mike Rossi 0-0: Called Strike
0-1: Ball
1-1: Swinging Strike
1-2: Ball
2-2: Ball
3-2: Strikes out looking
Bottom of the 4th over - 4 runs, 4 hits, 0 errors, 2 left on base; Iowa 4 - New Orleans 4
TOP OF THE 5TH
Iowa Cubs batting - Pitching for New Orleans Zephyrs : RHP Maurice Johnson
Batting: LHB Glenn Sewell 0-0: Ground out 1-3 (Groundball, 13S, EV 71.9 MPH)
Batting: RHB Jessie Mestrovich 0-0: Called Strike
0-1: Ball
1-1: Fly out, F9 (Flyball, 9S, EV 93.1 MPH)
Batting: RHB Brad Foster 0-0: Called Strike
0-1: Swinging Strike
0-2: Foul Ball, location: 5FF
0-2: Strikes out swinging
Top of the 5th over - 0 runs, 0 hits, 0 errors, 0 left on base; Iowa 4 - New Orleans 4
BOTTOM OF THE 5TH
New Orleans Zephyrs batting - Pitching for Iowa Cubs : LHP Steve York
Batting: LHB Tony Mier 0-0: Ball
1-0: Swinging Strike
1-1: Swinging Strike
1-2: SOLO HOME RUN (Flyball, 78XD, EV 102.5 MPH), Distance : 417 ft
Pitching: RHP Tom Rardon
Batting: RHB James Stanger 0-0: Ball
1-0: Swinging Strike
1-1: Called Strike
1-2: Fly out, F8 (Flyball, 8LD, EV 105.0 MPH)
Batting: RHB John Ballard 0-0: Ball
1-0: Ball
2-0: Foul Ball, location: 3F
2-1: Ground out 6-3 (Groundball, P, EV 82.5 MPH)
Batting: RHB Izzy Franco 0-0: SINGLE (Line Drive, 8LS, EV 110.0 MPH)
Batting: SHB Nick Stiles 0-0: Ball
1-0: Fly out, F7 (Flyball, 78M, EV 81.9 MPH)
Bottom of the 5th over - 1 run, 2 hits, 0 errors, 1 left on base; Iowa 4 - New Orleans 5
TOP OF THE 6TH
Iowa Cubs batting - Pitching for New Orleans Zephyrs : RHP Maurice Johnson
Batting: RHB Roy Crandall 0-0: Ball
1-0: Fly out, F3 (Popup, 3SF, EV 70.0 MPH)
Batting: SHB Sam Oden 0-0: Ball
1-0: Ball
2-0: DOUBLE (Line Drive, 9LM, EV 91.3 MPH)
Batting: LHB Greg Schramm 0-0: Swinging Strike
0-1: Ball
1-1: Ball
2-1: Ball
3-1: Foul Ball, location: 25FF
3-2: Foul Ball, location: 3SF
3-2: Foul Ball, location: 2F
3-2: SINGLE (Line Drive, 7S, EV 98.1 MPH)
Sam Oden to third
Batting: RHB Ryan Leo 0-0: Called Strike
0-1: Ball
1-1: Ball
Greg Schramm steals 2nd base
2-1: Ground out U3 (Groundball, 3S, EV 81.9 MPH)
Batting: LHB Kevin Florkowski 0-0: Ball
1-0: Ball
2-0: Ball
3-0: Ground out U3 (Groundball, 3, EV 80.0 MPH)
Top of the 6th over - 0 runs, 2 hits, 0 errors, 2 left on base; Iowa 4 - New Orleans 5
BOTTOM OF THE 6TH
New Orleans Zephyrs batting - Pitching for Iowa Cubs : RHP Tom Rardon
Batting: LHB Kenny Helm 0-0: SINGLE (Line Drive, 34D, EV 96.9 MPH)
Batting: LHB Ron Lenz 0-0: Fly out, F8 (Flyball, 89S, EV 81.3 MPH)
Batting: RHB Matt Pettit 0-0: Ball
1-0: Ball
2-0: Foul Ball, location: 2F
2-1: Swinging Strike
2-2: Foul Ball, location: 9LDF
2-2: Fly out, F7 (Flyball, 7D, EV 90.0 MPH)
Pitching: LHP Dave Buskey
Batting: SHB Mike Rossi 0-0: Called Strike
0-1: Called Strike
0-2: Strikes out looking
Bottom of the 6th over - 0 runs, 1 hit, 0 errors, 1 left on base; Iowa 4 - New Orleans 5
TOP OF THE 7TH
Iowa Cubs batting - Pitching for New Orleans Zephyrs : RHP Maurice Johnson
Batting: RHB Mike Key 0-0: Ball
1-0: Called Strike
1-1: Ball
2-1: Called Strike
2-2: Strikes out swinging
Batting: LHB Glenn Sewell 0-0: Ball
1-0: Foul Ball, location: 3F
1-1: Ball
2-1: Ground out U3 (Groundball, 3, EV 86.3 MPH)
Batting: RHB Jessie Mestrovich 0-0: Ball
1-0: Swinging Strike
1-1: Ball
2-1: Called Strike
2-2: Ground out 5-3 (Groundball, 56, EV 87.5 MPH)
Top of the 7th over - 0 runs, 0 hits, 0 errors, 0 left on base; Iowa 4 - New Orleans 5
BOTTOM OF THE 7TH
New Orleans Zephyrs batting - Pitching for Iowa Cubs : LHP Dave Buskey
Batting: LHB Tony Mier 0-0: Ball
1-0: Called Strike
1-1: Ball
2-1: Ball
3-1: Foul Ball, location: 2F
3-2: Ground out 6-3 (Groundball, 6, EV 100.0 MPH)
Batting: RHB James Stanger 0-0: Ball
1-0: Swinging Strike
1-1: SINGLE (Line Drive, 9LS, EV 88.1 MPH)
Batting: RHB John Ballard 0-0: Fly out, F4 (Popup, 34, EV 53.8 MPH)
Batting: RHB Izzy Franco 0-0: Ball
1-0: Swinging Strike
1-1: Ground out 4-3 (Groundball, 4, EV 88.1 MPH)
Bottom of the 7th over - 0 runs, 1 hit, 0 errors, 1 left on base; Iowa 4 - New Orleans 5
TOP OF THE 8TH
Iowa Cubs batting - Pitching for New Orleans Zephyrs : RHP Maurice Johnson
Batting: RHB Brad Foster 0-0: SINGLE (Line Drive, 4D, EV 101.9 MPH)
Batting: RHB Roy Crandall 0-0: Ball
1-0: Ball
2-0: Swinging Strike
2-1: SINGLE (Groundball, 6MD, EV 109.4 MPH)
Brad Foster to second
Batting: SHB Sam Oden 0-0: Called Strike
0-1: Ball
1-1: Ball
2-1: Grounds into double play, 3-6-3 (Groundball, 3, EV 103.1 MPH)
Brad Foster to third
Pitching: LHP Yuichiro Hamano
Pinch Hitting: RHB Brian Duncan 0-0: Ball
1-0: Ball
2-0: Called Strike
2-1: Ball
3-1: Foul Ball, location: 9LSF
3-2: Strikes out swinging
Top of the 8th over - 0 runs, 2 hits, 0 errors, 1 left on base; Iowa 4 - New Orleans 5
BOTTOM OF THE 8TH
New Orleans Zephyrs batting - Pitching for Iowa Cubs : LHP Dave Buskey
Now in RF: John Rippetoe
Batting: SHB Nick Stiles 0-0: Called Strike
0-1: Foul Ball, location: 2F
0-2: Ball
1-2: Strikes out swinging
Batting: LHB Kenny Helm 0-0: SINGLE (Line Drive, 8LS, EV 93.8 MPH)
Batting: LHB Ron Lenz 0-0: Grounds into double play, 4-6-3 (Groundball, 4, EV 83.1 MPH)
Bottom of the 8th over - 0 runs, 1 hit, 0 errors, 0 left on base; Iowa 4 - New Orleans 5
TOP OF THE 9TH
Iowa Cubs batting - Pitching for New Orleans Zephyrs : LHP Yuichiro Hamano
Now at 1B: Jonathan Antoine
Batting: RHB Ryan Leo 0-0: Called Strike
0-1: Foul Ball, location: 5F
0-2: Ball
1-2: Strikes out swinging
Pinch Hitting: RHB Keith Marshall 0-0: Foul Ball, location: 9LDF
0-1: Called Strike
0-2: Strikes out looking
Batting: RHB Mike Key 0-0: Swinging Strike
0-1: Called Strike
0-2: Strikes out swinging
Top of the 9th over - 0 runs, 0 hits, 0 errors, 0 left on base; Iowa 4 - New Orleans 5
Thursday, January 16th , 2025 - OOTP Baseball 25.11 Build 101